 Dungeon Crawl Stone Soup version 0.25-a0-251-g572059c536 (webtiles) character file.

Game seed: 17420109741950768161, levelgen mode: deterministic

291 floatRand the Chopper (level 6, -1/44 HPs)
             Began as a Demonspawn Gladiator on Dec 4, 2019.
             Killed by divine providence
             ... invoked by an orc priest
              (12 damage)
             ... on level 3 of the Dungeon.
             The game lasted 00:02:56 (2084 turns).

floatRand the Chopper (Demonspawn Gladiator)        Turns: 2084, Time: 00:02:56

Health: -1/44      AC: 12    Str: 15    XL:     6   Next: 10%
Magic:  0/6        EV:  4    Int:  9    God:
Gold:   161        SH:  3    Dex: 16    Spells: 5/5 levels left

rFire    + . .     SeeInvis .   a - +1 war axe
rCold    + . .     Gourm    .   l - +0 buckler
rNeg     . . .     Faith    .   p - +0 plate armour
rPois    +         Spirit   +   c - +1 helmet
rElec    +         Reflect  .   (no cloak)
rCorr    +         Harm     .   (no gloves)
MR       .....                  (boots unavailable)
Stlth    ..........             (no amulet)
HPRegen  0.14/turn              (no ring)
MPRegen  0.20/turn              (no ring)

@: resistant
A: talons 3, magic shield, magic regeneration
a: no special abilities


You were on level 3 of the Dungeon.
You were not hungry.

You visited 1 branch of the dungeon, and saw 3 of its levels.

You collected 161 gold pieces.

Inventory:

Hand Weapons
 a - a +1 war axe (weapon)
 e - a +1 whip of freezing
Missiles
 d - 3 throwing nets (quivered)
Armour
 b - a +0 leather armour
 c - a +1 helmet (worn)
 l - a +0 buckler (worn)
 p - a +0 plate armour (worn)
Scrolls
 j - 3 scrolls of amnesia
 k - 2 scrolls of identify
 o - a scroll of remove curse
 s - 3 scrolls of immolation
Potions
 g - a potion of heal wounds
 m - a potion of lignification
 q - a potion of resistance
 r - a potion of haste {unknown}
 u - 2 potions of curing {unknown}
 v - a potion of agility {unknown}
Comestibles
 f - 8 rations
 w - 3 chunks of flesh


   Skills:
 - Level 2.0 Fighting
 * Level 6.3 Axes
 - Level 1.7 Throwing
 - Level 2.6 Dodging


You had 5 spell levels left.
You didn't know any spells.
Your spell library was empty.

Dungeon Overview and Level Annotations

Branches:
Dungeon (3/15)

Altars:
Ashenzari


Innate Abilities, Weirdness & Mutations

You have claws for feet.
When hurt, damage is shared between your health and your magic reserves.
You regenerate magic rapidly.


Message History

There are monsters nearby!
You start resting.
There are monsters nearby!
You start resting.
There are monsters nearby!
You start resting.
There are monsters nearby!
Something hits you but does no damage. Something hits you but does no damage.
You closely miss something. Your kick misses something.
Something hits you but does no damage.
The orc priest calls down the wrath of Beogh upon you.
Beogh smites you!
* * * LOW HITPOINT WARNING * * *
You closely miss something. Something hits you but does no damage.
Your plate armour prevents you from hitting something.
Your kick misses something. Something hits you but does no damage.
The orc priest calls down the wrath of Beogh upon you.
Beogh smites you!
You die...

*,,,,,* #.# *,,,,,**** #.#
*,,,,,,..######.######*
*,,,,,*#..............#*******
**,,,,,*#######...####..,,,,,,*
,,,,,,,* #.....# ********,***
****,*,* ##...## *,,,,,,,* *
*,*,* ##.## ****,***,*,* * **,*,*
#@# *,,,,,,*,*,* ***,,*,* #)#
*,**,*,*,*,* ,,,,,,,* *#o#*
*,**,,,,,*,* ***,**** **oo.**
*,**,*,***,* *,****
**.?...***,**,*,* *,* *,**,**
**w......**,**,,,***,*
***,*,,,****.o)$.....*,,,,,,,,,,*
,,,,,,,,,,,+.........+,,,,,,,****
***,,,,,***#.........#***,,,**


You could see an orc priest and 2 orcs.

Vanquished Creatures
  An orc warrior (D:3)
  An orc priest (D:3)
  3 orc wizards (D:3)
  A hound skeleton (D:2)
  An adder (D:3)
  An adder skeleton (D:2)
  2 worms (D:3)
  6 orcs (D:3)
  A ball python (D:3)
  2 giant cockroaches (D:2)
  2 hobgoblins
  2 jackals (D:3)
  2 quokkas (D:3)
  7 bats
  4 frilled lizards
  4 goblins
  8 kobolds
  3 quokka skeletons (D:2)
  4 rats
55 creatures vanquished.

Notes
Turn   | Place    | Note
-------+----------+-------------------------------------------
     0 | D:1      | floatRand the Demonspawn Gladiator began the quest for the
                  | Orb.
     0 | D:1      | Reached XP level 1. HP: 16/16 MP: 1/1
   226 | D:1      | You fall into a shaft and drop 1 floor!
   232 | D:2      | Reached skill level 3 in Axes
   265 | D:2      | Gained mutation: When hurt, damage is shared between your
                  | health and your magic reserves. [demonic ancestry]
   265 | D:2      | Reached XP level 2. HP: 21/22 MP: 2/2
   391 | D:2      | Found a shattered altar of Ashenzari.
   779 | D:2      | Gained mutation: You have sharp toenails. [demonic
                  | ancestry]
   779 | D:2      | Reached XP level 3. HP: 23/27 MP: 3/3
  1044 | D:1      | Reached skill level 4 in Axes
  1635 | D:3      | Gained mutation: You have razor-sharp toenails. [demonic
                  | ancestry]
  1635 | D:3      | Reached XP level 4. HP: 25/33 MP: 2/4
  1772 | D:3      | Reached skill level 5 in Axes
  1784 | D:3      | Gained mutation: You regenerate magic rapidly. [demonic
                  | ancestry]
  1784 | D:3      | Reached XP level 5. HP: 30/38 MP: 3/5
  2051 | D:3      | Noticed an orc warrior
  2079 | D:3      | Killed an orc warrior
  2079 | D:3      | Reached skill level 6 in Axes
  2079 | D:3      | Gained mutation: You have claws for feet. [demonic
                  | ancestry]
  2079 | D:3      | Reached XP level 6. HP: 20/44 MP: 0/6
  2084 | D:3      | Killed from afar by an orc priest

Levels and vault maps discovered:
D:1:      dpeg_arrival_arbitrary_c, layout_basic, serial_park_tiny_2,
          serial_park_tiny_2
D:2:      layout_basic, lemuel_round_altar, serial_undead, serial_undead_c,
          serial_undead_f, serial_undead_b, serial_undead_b
D:3:      layout_loops_corners, uniq_natasha

Skill      XL: |  1  2  3  4  5 |
---------------+----------------+-----
Axes           | 3 4 5 6 |  6.3
Fighting       | |  2.0
Throwing       | |  1.7
Dodging        | |  2.6

Action                   |  1- 3 |  4- 6 || total
-------------------------+-------+-------++-------
Melee: War axe           |   128 |    61 ||   189
       Kick              |    16 |     7 ||    23
  Use: Scroll            |       |    10 ||    10
       Potion            |       |     3 ||     3
  Eat: Chunk             |     2 |     2 ||     4
Armor: Leather armour    |     4 |       ||     4
       Plate armour      |   111 |    43 ||   154
       Skin              |       |     7 ||     7
Dodge: Dodged            |    55 |     5 ||    60
Block: Buckler           |    29 |     4 ||    33

Table legend:
 A = Non-vault XP
 B = Vault XP
 C = Vault XP percentage of total XP
 D = Non-vault monster count
 E = Vault monster count
 F = Vault count percentage of total count
                 A         B        C        D         E       F
            +---------+---------+-------+---------+---------+-------
      Total |     390 |      26 |   6.2 |      50 |       5 |   9.1
            +---------+---------+-------+---------+---------+-------
        D:1 |      18 |       0 |   0.0 |      12 |       0 |   0.0
        D:2 |      17 |      26 |  60.5 |      11 |       5 |  31.2
        D:3 |     355 |       0 |   0.0 |      27 |       0 |   0.0
            +---------+---------+-------+---------+---------+-------
